 Dungeon Crawl Stone Soup version 0.26-a0-800-g517d6fe721 (webtiles) character file.

Game seed: 1066603973289092344

79 Alfie the Skirmisher (level 4, -1/41 HPs)
             Began as a Hill Orc Fighter on Nov 11, 2020.
             Slain by an orc
             ... wielding a +0 falchion
              (5 damage)
             ... on level 3 of the Dungeon.
             The game lasted 00:03:13 (2217 turns).

Alfie the Skirmisher (Hill Orc Fighter)             Turns: 2217, Time: 00:03:13

Health: -1/41      AC:  7    Str: 19    XL:     4   Next: 38%
Magic:  4/4        EV:  7    Int:  8    God:
Gold:   152        SH:  9    Dex: 10    Spells: 3/3 levels left

rFire    . . .     SeeInvis .   a - +0 long sword
rCold    . . .     Faith    .   c - +0 kite shield
rNeg     . . .     Spirit   .   b - +0 scale mail
rPois    .         Reflect  .   (no helmet)
rElec    .         Harm     .   (no cloak)
rCorr    .         Rampage  .   (no gloves)
MR       .....                  (no boots)
Stlth    ..........             (no amulet)
HPRegen  0.13/turn              (no ring)
MPRegen  0.09/turn              (no ring)

@: no status effects
A: no striking features
a: Convert to Beogh


You were on level 3 of the Dungeon.
You visited 1 branch of the dungeon, and saw 3 of its levels.

You collected 152 gold pieces.

Inventory:

Hand Weapons
 a - a +0 long sword (weapon)
Armour
 b - a +0 scale mail (worn)
 c - a +0 kite shield (worn)
Scrolls
 e - 2 scrolls of identify
 f - 2 scrolls of amnesia {unknown}
 i - a scroll of fear {unknown}
 k - a scroll of enchant weapon {unknown}
Potions
 d - a potion of might
 g - a potion of resistance {unknown}
 h - a potion of heal wounds {unknown}
 j - 2 potions of curing {unknown}
 l - 2 potions of degeneration {unknown}


   Skills:
 + Level 4.6 Fighting
 + Level 3.2 Long Blades
 + Level 3.7 Armour
 + Level 3.8 Shields


You had 3 spell levels left.
You didn't know any spells.
Your spell library was empty.

Dungeon Overview and Level Annotations

Branches:
Dungeon (3/15)

Altars:
Ashenzari


Message History

Your shield prevents you from hitting the orc priest.
The orc priest hits you.
An orc comes into view. It is wielding a +0 falchion.
The orc shouts!
You hit the orc priest but do no damage.
The orc priest hits you.
You hit the orc priest but do no damage.
The orc priest shouts, "Surrender to Beogh and we'll let you live!"
You block the orc priest's attack. The orc priest barely misses you.
You hit the orc priest.
The orc priest is moderately wounded.
The orc priest mumbles some strange prayers to Beogh against you.
Beogh smites you!
* * * LOW HITPOINT WARNING * * *
You hit the orc priest but do no damage.
The orc priest shouts, "Surrender to Beogh and we'll let you live!"
The orc priest is moderately wounded.
The orc priest hits you but does no damage.
The orc hits you with a +0 falchion.
You die...

###. #(# .. .# #(# .
.###.# #####†## ......
..##...##
#...#####.#.....#
#...o..##.##...##
#......##.##...######.#
##..#..##o##..........#
# #....o@..#.########
###..##.##.###.##
...........# #.#
#........### #.#
#.#......# #.# ######.#
#.# #.# #.# #.# #.# #.#
#.#


You could see an orc priest and an orc.

Vanquished Creatures
  2 adders (D:2)
  4 dart slugs
  A leopard gecko (D:3)
  An orc (D:3)
  6 bats
  4 giant cockroaches
  4 goblins
  5 hobgoblins
  A jackal (D:1)
  5 quokkas
  4 frilled lizards
  6 kobolds
  6 rats
49 creatures vanquished.

Notes
Turn   | Place    | Note
-------+----------+-------------------------------------------
     0 | D:1      | Alfie the Hill Orc Fighter began the quest for the Orb.
     0 | D:1      | Reached XP level 1. HP: 19/19 MP: 1/1
    48 | D:1      | Reached XP level 2. HP: 20/27 MP: 2/2
   235 | D:1      | Found a broken altar of Ashenzari.
   268 | D:1      | Reached skill level 4 in Fighting
   395 | D:1      | Reached XP level 3. HP: 31/33 MP: 3/3
  1571 | D:2      | Reached XP level 4. HP: 38/41 MP: 4/4
  2217 | D:3      | Slain by an orc

Illustrated notes

Levels and vault maps discovered:
D:1:      dpeg_arrival_rooms_with_view, layout_basic, ashenzari_altar_1
D:2:      layout_basic
D:3:      layout_loops_corners, nicolae_overflow_hidden_temple

Skill      XL: |  1  2  3 |
---------------+----------+-----
Fighting       | 4 |  4.6
Long Blades    | 3 |  3.2
Armour         | |  3.7
Shields        | |  3.8

Action                   |  1- 3 |  4- 6 || total
-------------------------+-------+-------++-------
Melee: Long sword        |   114 |    51 ||   165
  Use: Scroll            |     1 |       ||     1
Armor: Scale mail        |    59 |    16 ||    75
Dodge: Dodged            |    31 |     9 ||    40
Block: Kite shield       |    75 |    33 ||   108
       Rpst.: Long sword |    11 |     1 ||    12

Table legend: (Time is in decaauts)
 A = Elapsed time spent in this place.
 B = Non-inter-level travel time spent in this place.
 C = Inter-level travel time spent in this place.
 D = Time resting spent in this place.
 E = Time spent auto-exploring this place.
 F = Levels seen in this place.
 G = Mean time per level.
                   A        B        C        D        E       F      G
               +--------+--------+--------+--------+--------+-----+--------+
         Total |   2278 |   2265 |     13 |      0 |   1760 |   3 |  759.3 |
       Dungeon |   2278 |   2265 |     13 |      0 |   1760 |   3 |  759.3 |
               +--------+--------+--------+--------+--------+-----+--------+

Top non-repeatable levels by time:
     D:2: 1059 daAuts
     D:1: 707 daAuts
     D:3: 510 daAuts
